 Dungeon Crawl Stone Soup version 0.30-a0-591-g3c58d2bc28 (webtiles) character file.

Game seed: 6737874133730293033

602 Dirtsage the Changer (level 7, 0/43 HPs)
             Began as an Octopode Transmuter on Jan 4, 2023.
             Was an Initiate of the Shining One.
             Slain by Edmund
             ... wielding a +1 heavy dire flail
              (17 damage)
             ... on level 5 of the Dungeon.
             The game lasted 00:12:39 (3836 turns).

Dirtsage the Changer (Octopode Transmuter)          Turns: 3836, Time: 00:12:39

Health: 0/43       AC:  1    Str:  9    XL:     7   Next: 41%
Magic:  10/10      EV: 13    Int: 23    God:    the Shining One [......]
Gold:   263        SH:  0    Dex: 13    Spells: 3/10 levels left

rFire   . . .      SeeInvis .    j - +0 dagger (venom)
rCold   . . .      Faith    .    (no shield)
rNeg    . . .      Spirit   .    (helmet restricted)
rPois   .          Reflect  .    (no amulet)
rElec   .          Harm     .    i - +4 ring of slaying
rCorr   .          Rampage  .    l - +6 ring of intelligence
Will    .....                    (no ring)
Stlth   +                        (no ring)
HPRegen 0.27/turn                (no ring)
MPRegen 0.12/turn                (no ring)
                                 (no ring)
                                 (no ring)

@: glowing
A: almost no armour, amphibious, 8 rings, camouflage 1, gelatinous body 1,
(nimble swimmer 1), tentacles
a: Renounce Religion


You were on level 5 of the Dungeon.
You worshipped the Shining One.
The Shining One was noncommittal.
You visited 2 branches of the dungeon, and saw 6 of its levels.

You collected 263 gold pieces.

Inventory:

Hand Weapons
 j - a +0 dagger of venom (weapon)
Jewellery
 i - a +4 ring of slaying (left tentacle)
 l - a +6 ring of intelligence (right tentacle)
Wands
 n - a wand of mindburst (7)
Scrolls
 b - 6 scrolls of vulnerability {unknown}
 c - 5 scrolls of fear {unknown}
 d - a scroll of enchant armour {unknown}
 e - 3 scrolls of noise {unknown}
 f - a scroll of magic mapping {unknown}
 h - 4 scrolls of identify {unknown}
 k - a scroll of teleportation {unknown}
 r - a scroll of poison {unknown}
 s - a scroll of blinking {unknown}
Potions
 a - a potion of lignification
 g - a potion of heal wounds {unknown}
 m - a potion of ambrosia {unknown}
 o - a potion of attraction {unknown}
 p - a potion of berserk rage {unknown}
 q - 3 potions of curing
 t - a potion of flight {unknown}


   Skills:
 - Level 1.0 Fighting
 - Level 2.0 Dodging
 - Level 3.0 Unarmed Combat
 - Level 2.0 Spellcasting
 * Level 5.8 Transmutations
 * Level 5.3 Ice Magic


You had 3 spell levels left.
You knew the following spells:

 Your Spells              Type           Power      Damage    Failure   Level
a - Beastly Appendage     Tmut           56%        N/A       1%          1
b - Wereblood             Tmut           28%        N/A       1%          2
c - Ice Form              Ice/Tmut       27%        N/A       13%         4

Your spell library contained the following spells:

 Spells                   Type           Power      Damage    Failure   Level
 Spider Form              Tmut/Pois      15%        N/A       12%         3
 Kiss of Death            Conj/Necr      8%         2d6       13%         1
 Summon Small Mammal      Summ           8%         N/A       13%         1
 Call Canine Familiar     Summ           2%         N/A       36%         3
 Confusing Touch          Hex            2%         N/A       36%         3
 Gell's Gravitas          Tloc           2%         N/A       36%         3
 Lesser Beckoning         Tloc           4%         N/A       36%         3
 Portal Projectile        Hex/Tloc       4%         N/A       36%         3
 Summon Guardian Golem    Hex/Summ       2%         N/A       36%         3
 Teleport Other           Tloc           2%         N/A       36%         3
 Tukima's Dance           Hex            2%         N/A       36%         3
 Blade Hands              Tmut           14%        N/A       32%         5
 Dispel Undead            Necr           2%         3d7       77%         4


Dungeon Overview and Level Annotations

Branches:
Dungeon (5/15)             Temple (1/1) D:5

Altars:
Ashenzari
Dithmenos
Elyvilon
Fedhas
Gozag
Hepliaklqana
Nemelex Xobeh
Okawaru
Qazlal
Ru
Sif Muna
Uskayaw
Vehumet
Wu Jian
Xom
Zin
The Shining One

Annotations:
D:5 Edmund


Innate Abilities, Weirdness & Mutations

You cannot wear most types of armour.
You are amphibious.
You can wear up to eight rings at the same time.
Your skin changes colour to match your surroundings (Stealth+).
Your rubbery body absorbs attacks. (AC +1, EV +1)
((You are camouflaged when in or above water. (Stealth+)))
You have tentacles for arms and can constrict up to eight enemies at once.


Message History

There is a staircase back to the Dungeon here.
You climb upwards.
Welcome back to the Dungeon!
There is a staircase to the Ecumenical Temple here.
You enter the shallow water.
You now have 263 gold pieces (gained 11).
You see here a +0 spear.
t - a lumpy amethyst potion You see here a +0 spear.
An adder comes into view.
The adder hisses angrily.
You see here a scroll labelled ZULUTAU QABY.
You hit the adder.
The adder is poisoned.
You grab the adder.
The adder is heavily wounded.
You constrict the adder. The adder completely misses you. x2
You hit the adder.
The adder is almost dead.
You constrict the adder.
You kill the adder!
e - 3 scrolls labelled ZULUTAU QABY (gained 1)
h - 4 scrolls labelled SUPLETTA VAPRO (gained 1)
You open the door.
There is an open door here.
You open the door.
There is an open door here.
Edmund the Younger comes into view.
He is wielding a +1 heavy dire flail.
Found a stone staircase leading down.
You hit Edmund but do no damage.
Edmund is poisoned.
Edmund shouts!
You grab Edmund. You squeeze Edmund!
Edmund is moderately wounded.
You constrict Edmund.
Edmund gestures with his flail.
Edmund hits you with a +1 heavy dire flail!!
Ouch! That really hurt!
You take 26 damage, and have 17/43 hp.
MASSIVE DAMAGE!!
You hit Edmund but do no damage.
Edmund looks even sicker.
Edmund is moderately wounded.
You constrict Edmund, but do no damage.
Edmund hits you with a +1 heavy dire flail!
You die...

### #.. #.#
#.# #.# ..
#####.###....
+..@@.....>..
#####.###...
#.####+#
#......#
###'####+###.#
#....#....##.#
#....#....##.#
#....#....##.#
###'##....##.#


You could see Edmund (very poisoned).

Vanquished Creatures
  A phantom (D:4)
  A necrophage (D:5)
  A scorpion (D:4)
  A howler monkey (D:4)
  Crazy Yiuf (D:3)
  A jelly (D:4)
  3 orc priests
  An orc wizard (D:5)
  3 gnolls (D:3)
  5 adders
  A worm (D:2)
  4 dart slugs
  13 orcs
  7 endoplasms
  4 giant cockroaches
  11 hobgoblins
  12 jackals
  7 kobolds
  4 quokkas
  4 ball pythons
  5 bats
  5 frilled lizards
  4 goblins
  4 rats
103 creatures vanquished.

Notes
Turn   | Place    | Note
-------+----------+-------------------------------------------
     0 | D:1      | Dirtsage the Octopode Transmuter began the quest for the
                  | Orb.
     0 | D:1      | Reached XP level 1. HP: 13/13 MP: 3/3
   169 | D:1      | Reached skill level 1 in Ice Magic
   169 | D:1      | Reached XP level 2. HP: 13/18 MP: 3/5
   852 | D:1      | Reached XP level 3. HP: 22/23 MP: 6/6
   858 | D:1      | Learned a level 2 spell: Wereblood
  1144 | D:2      | Found a shimmering blue altar of Sif Muna.
  1443 | D:2      | Reached XP level 4. HP: 24/28 MP: 7/7
  1513 | D:2      | Found a faded altar of an unknown god.
  1709 | D:2      | Learned a level 4 spell: Ice Form
  2084 | D:3      | Reached XP level 5. HP: 29/33 MP: 6/8
  2139 | D:3      | Found a runed translucent door.
  2140 | D:3      | Noticed Crazy Yiuf
  2194 | D:3      | Found a sacrificial altar of Ru.
  2228 | D:3      | Became a worshipper of Ru the Awakened
  2257 | D:3      | Found a radiant altar of Vehumet.
  2815 | D:3      | Killed Crazy Yiuf
  2889 | D:4      | Noticed a phantom
  2898 | D:4      | Killed a phantom
  2899 | D:4      | Reached XP level 6. HP: 9/38 MP: 7/9
  3194 | D:4      | Reached skill level 5 in Transmutations
  3527 | D:4      | Reached XP level 7. HP: 43/43 MP: 10/10
  3542 | D:5      | Entered Level 5 of the Dungeon
  3610 | D:5      | Reached skill level 5 in Ice Magic
  3649 | D:5      | Found a staircase to the Ecumenical Temple.
  3659 | Temple   | Entered the Ecumenical Temple
  3736 | Temple   | Fell from the grace of Ru
  3736 | Temple   | Became a worshipper of the Shining One
  3833 | D:5      | Noticed Edmund
  3836 | D:5      | Slain by Edmund

Illustrated notes

Levels and vault maps discovered:
D:1:      evilmike_arrival_crescent, layout_basic, dreamdust_princess_corridor,
          minmay_cut_off
D:2:      layout_loops_cross, basic_altar, basic_ecumenical_altar
D:3:      layout_basic, mainiacjoe_overflow_catwalk, nicolae_vehumet_radiance,
          minmay_misc_feat_roman, uniq_crazy_yiuf_cottage
D:4:      layout_cave_pools
D:5:      layout_basic, minmay_temple_entry_water_ring, minivault_1, uniq_edmund
Temple:   eino_narrow_crystal_temple

Skill      XL: |  1  2  3  4  5  6  7 |
---------------+----------------------+-----
Ice Magic      | 1 2 3 4 5 |  5.3
Transmutations | 3 4 5 |  5.8
Fighting       | |  1.0
Dodging        | |  2.0
Unarmed Combat | |  3.0
Spellcasting   | |  2.0

Action                   |  1- 3 |  4- 6 |  7- 9 || total
-------------------------+-------+-------+-------++-------
Melee: Unarmed           |    95 |    67 |    13 ||   175
       Constrict         |    23 |    24 |     6 ||    53
       Kick              |     9 |     6 |       ||    15
       Tentacles         |    17 |    19 |     2 ||    38
       Punch             |     2 |     1 |     1 ||     4
       Dagger            |       |    50 |    12 ||    62
 Cast: Beastly Appendage |     6 |     5 |       ||    11
       Wereblood         |     1 |       |       ||     1
       Ice Form          |       |     2 |     1 ||     3
  Use: Potion            |     1 |       |       ||     1
 Stab: Sleeping          |     7 |     8 |     2 ||    17
Armor: Skin              |     7 |     9 |     3 ||    19
Dodge: Dodged            |    43 |    46 |     7 ||    96

Table legend: (Time is in decaauts)
 A = Elapsed time spent in this place.
 B = Non-inter-level travel time spent in this place.
 C = Inter-level travel time spent in this place.
 D = Time resting spent in this place.
 E = Time spent auto-exploring this place.
 F = Levels seen in this place.
 G = Mean time per level.
                   A        B        C        D        E       F      G
               +--------+--------+--------+--------+--------+-----+--------+
         Total |   3824 |   3626 |    198 |    105 |   2851 |   6 |  637.3 |
       Dungeon |   3732 |   3548 |    184 |    105 |   2786 |   5 |  746.4 |
        Temple |     92 |     78 |     14 |      0 |     65 |   1 |   92.0 |
               +--------+--------+--------+--------+--------+-----+--------+

Top non-repeatable levels by time:
     D:3: 1039 daAuts
     D:1: 1015 daAuts
     D:2: 825 daAuts
     D:4: 651 daAuts
     D:5: 200 daAuts
  Temple: 92 daAuts
